AoeStats
← iisraelunna

Fortress

510570607Analyzed
1v1 RM · 1d ago on Oct 1, 2026· 39m 5s· 2 players
Game mode
Random Map
Map size
Small (3 player)
Population
200
Speed
Normal
Resources
Standard
Victory
Conquest
Starting age
Dark Age
Ending age
Imperial Age
RankedLock teamsTeams togetherTeam positionsShared explorationLock speedFull tech treeHidden civsTurbo modeCheats
Victory
Defeat
🇫🇮 Mongols · Finland
929
+15
🇲🇽 Gurjaras · Mexico
903
-15
iisraelunna
6:56 Feudal Age
7:31 Double-Bit Axe
9:04 Wheelbarrow
14:10 Castle Age
12:23 Horse Collar
13:22 Scale Barding Armor
13:27 Forging
13:22 Scale Barding Armor
14:21 Forging
16:51 Bow Saw
19:05 Iron Casting
27:41 Imperial Age
26:55 Hand Cart
29:22 Chemistry
31:59 Chain Barding Armor
36:27 Plate Barding Armor
37:30 Conscription
38:02 Heavy Camel Rider
eke
7:19 Feudal Age
9:18 Wheelbarrow
8:29 Double-Bit Axe
8:26 Horse Collar
13:27 Castle Age
17:30 Bow Saw
17:21 Heavy Plow
19:38 Hand Cart
25:54 Imperial Age
25:03 Bloodlines
24:54 Husbandry
24:49 Fletching
25:00 Padded Archer Armor
25:50 Bodkin Arrow
26:54 Bracer
27:09 Leather Archer Armor
28:55 Ballistics
29:35 Chemistry
29:15 Parthian Tactics
30:16 Loom
31:02 Thumb Ring
32:29 Elite Mangudai
Connection lost

Rejoining the realm…

Still unreachable

The connection could not be restored.

Session expired

The server has moved on; the page needs a fresh start.